 Dungeon Crawl Stone Soup version 0.17.0-28-g6e173f8 (webtiles) character file.

200 septik the Cudgeler (level 5, 0/32 HPs)
             Began as a Gargoyle Fighter on Nov 30, 2015.
             Was an Initiate of Gozag.
             Killed by nerve-wracking pain
             ... invoked by Grinder
              (13 damage)
             ... on level 4 of the Dungeon.
             The game lasted 00:03:34 (2538 turns).

septik the Cudgeler (Gargoyle Fighter)              Turns: 2538, Time: 00:03:35

Health: 0/32       AC: 12    Str: 26    XL:     5   Next: 78%
Magic:  5/5        EV: 10    Int:  8    God:    Gozag
Gold:   192        SH:  0    Dex:  9    Spells: 0 memorised, 4 levels left

rFire  . . .     SeeInvis .     a - +0 flail
rCold  . . .     Clarity  .     b - +0 scale mail
rNeg   + . .     SustAt   .     (no shield)
rPois  ∞         Gourm    .     (no helmet)
rElec  +         Spirit   .     (no cloak)
rCorr  .         Warding  .     (no gloves)
rMut   .         Stasis   .     r - +0 pair of boots
MR     .....                    (no amulet)
Stlth  ..........               (no ring)
                                (no ring)

@: mighty, not resistant to hostile enchantments, extremely unstealthy
A: negative energy resistance 1, electricity resistance, unbreathing,
petrification resistance, rot immunity, AC +4
a: Potion Petition, Call Merchant, Bribe Branch, Renounce Religion


You were on level 4 of the Dungeon.
You worshipped Gozag.
Gozag was noncommittal.
You were hungry.

You visited 1 branch of the dungeon, and saw 4 of its levels.

You collected 215 gold pieces.
You paid 23 gold pieces to Gozag.

Inventory:

Hand Weapons
 a - a +0 flail (weapon)
Missiles
 f - 110 stones (quivered)
 k - 27 poisoned needles
Armour
 b - a +0 scale mail (worn)
 c - a +0 shield
 r - a +0 pair of boots (worn)
Jewellery
 y - an uncursed ring of stealth {unknown}
Scrolls
 g - a scroll of enchant armour {unknown}
 i - 2 scrolls of teleportation {unknown}
 j - 3 scrolls of identify {unknown}
 m - 2 scrolls of recharging {unknown}
 o - 2 scrolls of blinking {unknown}
 p - 2 scrolls of remove curse {unknown}
 q - a scroll of amnesia {unknown}
 t - 2 scrolls of fog {unknown}
 w - a scroll of magic mapping {unknown}
Potions
 h - a potion of agility {unknown}
 l - 4 potions of curing {unknown}
 n - 2 potions of brilliance {unknown}
 u - 2 potions of heal wounds {unknown}
Books
 v - a book of Minor Magic

   Spells                             Type                      Level
   a - Magic Dart                     Conjuration                  1
   b - Blink                          Translocation                2
   c - Call Imp                       Summoning                    2
   d - Repel Missiles                 Charms/Air                   2
   e - Slow                           Hexes                        2
   f - Conjure Flame                  Conjuration/Fire             3
   g - Mephitic Cloud                 Conjuration/Poison/Air       3
Comestibles
 e - a bread ration
 s - a beef jerky
 x - 6 fruits
 z - 2 meat rations


   Skills:
 - Level 3.2 Fighting
 + Level 5.8 Maces & Flails
 - Level 3.2 Armour
 - Level 3.2 Shields


You had 4 spell levels left.
You didn't know any spells.

Dungeon Overview and Level Annotations

Branches:
Dungeon (4/15)
 Temple: D:4-7

Altars:
Dithmenos
Gozag
Trog
Zin

Annotations:
D:4 Grinder


Innate Abilities, Weirdness & Mutations

You are resistant to torment.
Your stone body is resilient (AC +4).
You are immune to poison.
You resist negative energy.
You are resistant to electric shocks.
You can survive without breathing.
You are immune to petrification.
You are immune to rotting.


Message History

Grinder hits you but does no damage.
You hit Grinder.
Grinder is moderately wounded.
Grinder hits you but does no damage.
Your scale mail prevents you from hitting Grinder.
Grinder is moderately wounded.
Grinder hits you. Grinder gestures at you.
You barely resist.
You are too injured to fight recklessly!
Drink which item? (? for menu, Esc to quit)
You feel very mighty all of a sudden. Grinder hits you but does no damage.
Unknown command.
Your scale mail prevents you from hitting Grinder.
Grinder is moderately wounded.
Grinder gestures at you. Pain shoots through your body!
You die...
Your body crumbles into a pile of gold.

#### .)... ##
########.....$ .#
#............. .#
###.............
.########.#.###.##......
............# #.# .....
.##############.##..<...
.# #..5@...# .#
#######.# .# .# .# .# .#
.# .##


You could see Grinder.

Vanquished Creatures
  Menkaure (D:4)
  A worker ant (D:4)
  2 adders
  A worm (D:2)
  An orc (D:3)
  3 goblins
  6 hobgoblins
  4 kobolds
  3 quokkas
  5 bats
  2 giant cockroaches (D:1)
  A giant gecko (D:1)
  4 giant newts
  2 rats
36 creatures vanquished.

Notes
Turn   | Place    | Note
--------------------------------------------------------------
     0 | D:1      | septik the Gargoyle Fighter began the quest for the Orb.
     0 | D:1      | Reached XP level 1. HP: 14/14 MP: 1/1
   262 | D:1      | Reached XP level 2. HP: 19/19 MP: 2/2
   695 | D:2      | Found an opulent altar of Gozag.
   845 | D:2      | Became a worshipper of Gozag Ym Sagoz the Greedy
   956 | D:2      | Found a glowing silver altar of Zin.
  1174 | D:2      | Reached XP level 3. HP: 15/23 MP: 3/3
  1640 | D:3      | Noticed a phantom
  1886 | D:3      | Found a shadowy altar of Dithmenos.
  2056 | D:3      | Found a bloodstained altar of Trog.
  2368 | D:4      | Reached skill level 4 in Maces & Flails
  2410 | D:4      | Noticed Menkaure
  2419 | D:4      | Killed Menkaure
  2419 | D:4      | Reached skill level 5 in Maces & Flails
  2419 | D:4      | Reached XP level 4. HP: 23/28 MP: 4/4
  2419 | D:4      | Reached XP level 5. HP: 26/32 MP: 5/5
  2528 | D:4      | Noticed Grinder
  2538 | D:4      | Killed from afar by Grinder

Action                   |  1- 3 |  4- 6 || total
-------------------------+-------+-------++-------
Melee: Flail             |   125 |    17 ||   142
  Use: Potion            |       |     1 ||     1
  Eat: Bread ration      |     1 |       ||     1
